 Dungeon Crawl Stone Soup version 0.24.0-28-g17ded55e90 (webtiles) character file.

Game seed: 16902819815311327602, levelgen mode: deterministic

170 Kobob the Firebug (level 5, -9/31 HPs)
             Began as an Octopode Fire Elementalist on Nov 12, 2019.
             Killed by divine providence
             ... invoked by an orc priest
              (12 damage)
             ... on level 4 of the Dungeon.
             The game lasted 00:13:08 (2792 turns).

Kobob the Firebug (Octopode Fire Elementalist)      Turns: 2792, Time: 00:13:08

Health: -9/31      AC:  1    Str:  8    XL:     5   Next: 50%
Magic:  5/9        EV: 13    Int: 18    God:
Gold:   153        SH:  0    Dex: 12    Spells: 7/10 levels left

rFire    . . .     SeeInvis +   o - +0 flail
rCold    . . .     Gourm    .   (no shield)
rNeg     . . .     Faith    .   (helmet restricted)
rPois    .         Spirit   .   (no amulet)
rElec    .         Reflect  .   g - ring of see invisible
rCorr    .         Harm     .   (no ring)
MR       .....                  (no ring)
Stlth    ++++......             (no ring)
HPRegen  0.10/turn              (no ring)
MPRegen  0.11/turn              (no ring)
                                (no ring)
                                (no ring)

@: no status effects
A: almost no armour, stealthy swim, amphibious, 8 rings, constrict 8, camouflage
1, gelatinous body 1
a: no special abilities


You were on level 4 of the Dungeon.
You were not hungry.

You visited 1 branch of the dungeon, and saw 4 of its levels.

You collected 153 gold pieces.

Inventory:

Hand Weapons
 d - a +1 dagger of holy wrath
 n - a +0 club
 o - a +0 flail (weapon)
Jewellery
 g - a ring of see invisible (left tentacle)
Wands
 t - a wand of iceblast (9)
Scrolls
 a - 3 scrolls of identify
 c - a scroll of magic mapping
 f - a scroll of fog
 h - 3 scrolls of enchant armour
 l - a scroll of teleportation {unknown}
 m - a scroll of blinking
 p - a scroll of remove curse
Potions
 e - a potion of might
 i - 4 potions of curing
 j - 2 potions of ambrosia
 k - 2 potions of flight
 q - a potion of resistance {unknown}
 r - a potion of degeneration {unknown}
 s - a potion of haste {unknown}
Comestibles
 b - 12 rations


   Skills:
 + Level 0.1 Fighting
 + Level 0.1 Maces & Flails
 - Level 2.0 Dodging
 + Level 4.3 Stealth
 * Level 3.0 Spellcasting
 + Level 1.9 Conjurations
 + Level 4.3 Fire Magic


You had 7 spell levels left.
You knew the following spells:

 Your Spells              Type           Power        Failure   Level  Hunger
a - Flame Tongue          Conj/Fire      ##...        4%          1    None
b - Throw Flame           Conj/Fire      ##....       7%          2    ##.....

Your spell library contained the following spells:

 Spells                   Type           Power        Failure   Level  Hunger
 Conjure Flame            Conj/Fire      ##......     13%         3    ###....
 Inner Flame              Hex/Fire       ##......     21%         3    ###....
 Sticky Flame             Conj/Fire      ##......     41%         4    ####...
 Fireball                 Conj/Fire      ##........   77%         5    ######.


Dungeon Overview and Level Annotations

Branches:
Dungeon (4/15)
 Temple: D:4-7

Altars:


Innate Abilities, Weirdness & Mutations

You cannot wear most types of armour.
You are very stealthy in the water. (Stealth+)
You are amphibious.
You can wear up to eight rings at the same time.
You can use your tentacles to constrict eight enemies at once.
Your skin changes colour to match your surroundings (Stealth+).
Your rubbery body absorbs attacks. (AC +1, EV +1)


Message History

The orc priest is lightly wounded.
The orc priest hits you with a +0 flail.
* * * LOW HITPOINT WARNING * * *
Casting: Flame Tongue (safe; 4% risk of failure)
Confirm with . or Enter, or press ? or * to list all spells.
Aiming: Flame Tongue (safe; 4% risk of failure)
Press: ? - help, Shift-Dir - straight line, f/p - orc priest
Aim: an orc priest, wielding a +0 flail and wearing a +0 scale mail (lightly wounded)
The flame tongue hits the orc priest but does no damage.
The orc priest is lightly wounded.
Casting: Flame Tongue (safe; 4% risk of failure)
Confirm with . or Enter, or press ? or * to list all spells.
Aiming: Flame Tongue (safe; 4% risk of failure)
Press: ? - help, Shift-Dir - straight line, f/p - orc priest
Aim: an orc priest, wielding a +0 flail and wearing a +0 scale mail (lightly wounded)
The flame tongue hits the orc priest!
The orc priest is severely wounded.
The orc priest mumbles some strange prayers to Beogh against you.
Beogh smites you!
You die...

########### #.........#
##.........# #..........#
.o.........#
...........#########
.#######o.$..##......##
.......@.....#........##
#######.........<......#
#########......[#####..........#
#...<....[.....## #..........#
##......#.......# ............#
#.#####.........#
#..#..........# ..#
###.......##..###........## ..#
#..........# ..........# ..#
#.......#### #..........#


You could see an orc priest.

Vanquished Creatures
  2 orc wizards (D:4)
  5 adders
  2 worms
  3 dart slugs
  An orc (D:4)
  A ball python (D:3)
  3 bats (D:3)
  8 giant cockroaches
  4 goblins
  7 hobgoblins
  2 quokkas
  A ball python skeleton (D:4)
  6 frilled lizards
  8 kobolds
  6 rats
59 creatures vanquished.

Notes
Turn   | Place    | Note
-------+----------+-------------------------------------------
     0 | D:1      | Kobob the Octopode Fire Elementalist began the quest for
                  | the Orb.
     0 | D:1      | Reached XP level 1. HP: 11/11 MP: 3/3
   360 | D:1      | Reached XP level 2. HP: 16/17 MP: 5/5
  1064 | D:2      | Reached XP level 3. HP: 21/21 MP: 2/6
  1526 | D:3      | Reached XP level 4. HP: 27/27 MP: 1/7
  2211 | D:4      | Learned a level 2 spell: Throw Flame
  2301 | D:4      | Reached XP level 5. HP: 25/31 MP: 5/9
  2792 | D:4      | Killed from afar by an orc priest

Levels and vault maps discovered:
D:1:      minmay_arrival_glassed_features, layout_loops_cross, solitary_fountain
D:2:      layout_basic, first_ration
D:3:      layout_rooms, minmay_misc_feat_ornament
D:4:      layout_rooms, marbit_many_paths

Skill      XL: |  1  2  3  4  5 |
---------------+----------------+-----
Stealth        | 3 4 |  4.3
Fire Magic     | 4 |  4.3
Spellcasting   | 3 |  3.0
Fighting       | |  0.1
Maces & Flails | |  0.1
Dodging        | |  2.0
Conjurations   | |  1.9

Action                   |  1- 3 |  4- 6 || total
-------------------------+-------+-------++-------
Melee: Unarmed           |    27 |       ||    27
       Tentacles         |     7 |     3 ||    10
       Constrict         |    13 |     6 ||    19
       Flail             |       |    18 ||    18
 Cast: Flame Tongue      |    40 |    44 ||    84
       Throw Flame       |       |     2 ||     2
  Use: Scroll            |     4 |     6 ||    10
 Stab: Sleeping          |     6 |     1 ||     7
  Eat: Chunk             |     2 |     5 ||     7
Armor: Skin              |     2 |     7 ||     9
Dodge: Dodged            |    28 |    33 ||    61
